[Event "*** Titled Tuesday Blitz"]
[Site "Chess.com"]
[Date "2019.01.01"]
[Round "9"]
[White "joppie2"]
[Black "sergiochess83"]
[Result "1-0"]
[WhiteElo "2754"]
[BlackElo "2756"]
[TimeControl "180+2"]
[EndTime "15:09:37 PST"]
[Termination "joppie2 won on time"]

1. c4 e5 2. Nc3 Bb4 3. Nd5 Bc5 4. e3 c6 5. Nc3 Bb4 6. Nf3 Qe7 7. Qc2 Nf6 8. a3 Bxc3 9. Qxc3 d6 10. d4 e4 11.
Nd2 O-O 12. Be2 Bf5 13. h3 h6 14. b3 c5 15. Bb2 Nc6 16. d5 Ne5 17. f4 exf3 18.
gxf3 b5 19. e4 Bg6 20. cxb5 Nh5 21. O-O-O Nf4 22. Bf1 f5 23. Nc4 fxe4 24. Nxe5 Qxe5 25. Qxe5 dxe5 26. fxe4 Bxe4 27. Rg1 Rae8 28. d6 Ng6 29. d7 Rd8 30. Bc3 Rf2 31. Bd3 Bxd3 32. Rxd3 Nf4 33. Rd2 Rxd2 34. Kxd2 Rxd7+ 35. Kc2 Nxh3 36. Rg3 Ng5 37. Bxe5 Kf7 38. Rc3 Ne4 39. Rc4 Rd2+ 40. Kc1 Re2 41. Bb8 Ke6 42. Bxa7 Kd5 43. a4 g5 44. Bb8 g4 45. a5 Ra2 46. a6 g3 47.
Rxe4 g2 48. Rg4 1-0

[Event "*** Titled Tuesday Blitz"]
[Site "Chess.com"]
[Date "2019.01.01"]
[Round "9"]
[White "DryCounty"]
[Black "riconaipe"]
[Result "1/2-1/2"]
[WhiteElo "2713"]
[BlackElo "2462"]
[TimeControl "180+2"]
[EndTime "15:09:38 PST"]
[Termination "Game drawn - insufficient material"]

1. e4 c6 2. d4 d5 3. Nc3 dxe4 4. Nxe4 Nf6 5. Nxf6+ exf6 6. Nf3 Bg4 7. Be2 Bd6 8. h3 Bh5 9. Nh4 Bxe2 10. Qxe2+ Qe7 11. Nf5 Qxe2+ 12. Kxe2 Bf8 13. Rd1 g6 14. Ne3 Nd7 15.
d5 cxd5 16. Nxd5 O-O-O 17. Be3 b6 18. Rd3 Bd6 19. Rad1 Bb8 20. Ne7+ Kc7 21. Bf4+ Ne5 22. Rxd8 Rxd8 23. Nd5+ Kc8 24. Nxf6 Rxd1 25. Kxd1 h5 26. Ke2 Kd8 27. b3 Ke7 28. Ne4 f6 29. c4 Ke6 30. Nc3 Bd6 31. Nb5 Nxc4 32. bxc4 Bxf4 33. Nxa7 Kd6 34. Kd3 Kc5 35. Nb5 Be5 36. f3 Kb4 37.
Na7 Kc5 38. Nc8 g5 39. Ne7 Bb2 40. g4 hxg4 41. hxg4 Kb4 42. Nd5+ Kc5 43. Ne3 Kb4 44. Nd5+ Kc5 45. a4 Ba1 46. Ke4 Kxc4 47. Nxb6+ Kb4 48. Kf5 Bb2 49. Nd5+ Kxa4 50. Nxf6 Bc1 51. Ne4 Kb5 52. Nxg5 Kc6 53. f4 Kd7 54. Ne4 Ke7 55.
g5 Kf7 56. Nd6+ Kg7 57. Kg4 Bb2 58. f5 Bc3 59. f6+ Kg6 60. Ne4 Be5 61. Kf3 Kf5 62. Ke3 Bf4+ 63. Kd4 Bxg5 64. f7 Be7 65. Kd5 Bf8 66.
Nd6+ Kf6 67. Kc6 Bxd6 68. Kxd6 Kxf7 1/2-1/2

[Event "*** Titled Tuesday Blitz"]
[Site "Chess.com"]
[Date "2019.01.01"]
[Round "9"]
[White "salomez"]
[Black "Morshynska"]
[Result "1-0"]
[WhiteElo "2147"]
[BlackElo "2083"]
[TimeControl "180+2"]
[EndTime "15:09:41 PST"]
[Termination "salomez won by resignation"]

1. e4 e5 2. Nf3 Nc6 3. Bb5 a6 4. Ba4 Nf6 5. O-O b5 6. Bb3 Bb7 7. Ng5 d5 8. exd5 Nd4 9. d6 Nxb3 10.
dxc7 Qxc7 11. axb3 Bc5 12. Nc3 h6 13. Nf3 e4 14. Ne1 O-O 15. d3 Rad8 16. Be3 Bd6 17. h3 Bh2+ 18. Kh1 Be5 19. Qe2 Rfe8 20. Nd1 Qe7 21.
c3 Bb8 22. dxe4 Nxe4 23. Nf3 Nf6 24. c4 Be4 25. Re1 Qd6 26. g3 Qc6 27. Kg2 Nd7 28. cxb5 axb5 29. Nc3 Bg6 30. Rac1 Ne5 31. Nxb5 Nxf3 32.
Rxc6 Be4 33. Qxf3 Bxf3+ 34. Kxf3 Be5 35. Rec1 f5 36. R1c2 Rd1 37. Nc7 Rf8 38. b4 Rb1 39.
b5 Bxb2 40. b6 Be5 41. R2c5 Bf6 42. Rxf5 Rb8 43. Rb5 Rxb5 44. Nxb5 Bd8 45. Ke4 Kf7 46. Kd5 Ke7 47. Bc5+ Kd7 48. Rd6+ Kc8 49. Kc6 1-0

[Event "*** Titled Tuesday Blitz"]
[Site "Chess.com"]
[Date "2019.01.01"]
[Round "9"]
[White "Zq1"]
[Black "nurmiTV"]
[Result "1-0"]
[WhiteElo "2488"]
[BlackElo "2601"]
[TimeControl "180+2"]
[EndTime "15:09:43 PST"]
[Termination "Zq1 won on time"]

1. d4 Nf6 2. c4 e6 3. g3 c5 4. Nf3 cxd4 5. Nxd4 Nc6 6. Bg2 Bb4+ 7. Bd2 Qb6 8. e3 O-O 9. O-O d5 10. cxd5 Nxd5 11. Nxc6 bxc6 12. Qc2 Ba6 13. Rd1 Rac8 14. Nc3 Be7 15. Na4 Qb8 16. a3 c5 17. e4 Nb6 18.
Bc3 Bb5 19. Nxb6 axb6 20. a4 Bc6 21. b3 Qb7 22. Qb2 f6 23. Re1 Rcd8 24. b4 Qd7 25.
b5 Ba8 26. a5 bxa5 27. Rxa5 Rb8 28. Qa2 Kh8 29. Ra7 Bb7 30. b6 Qc6 31. Rxb7 Qxb7 32.
Qxe6 Bd8 33. e5 Qxb6 34. Qd7 fxe5 35. Bxe5 Bf6 36. Bxb8 Qxb8 37. Be4 Bd4 38. Re2 Qe5 39. Qg4 c4 40. Bc2 Bxf2+ 41. Kg2 Qd5+ 42. Be4 Qd4 43. Qh5 g6 44. Bxg6 Qg7 45. Bc2 Bd4 46. Qd5 c3 47.
Qe4 Rb8 48. h4 Rg8 49. Qd3 Rf8 50. Re4 Be5 51. Rg4 Qe7 52. Qe4 1-0

[Event "*** Titled Tuesday Blitz"]
[Site "Chess.com"]
[Date "2019.01.01"]
[Round "9"]
[White "BogdanDeac"]
[Black "TST2014"]
[Result "1-0"]
[WhiteElo "2744"]
[BlackElo "2507"]
[TimeControl "180+2"]
[EndTime "15:09:47 PST"]
[Termination "BogdanDeac won on time"]

1. e4 c5 2. Nf3 Nc6 3. d4 cxd4 4. Nxd4 Nf6 5. Nc3 d6 6. Bg5 e6 7. Qd2 a6 8. O-O-O Bd7 9. f3 h6 10. Be3 h5 11. g3 Qc7 12. h3 Ne5 13. f4 Nc4 14.
Bxc4 Qxc4 15. e5 Nd5 16. Nb3 Nxc3 17. bxc3 d5 18. Qd3 Ba3+ 19. Kd2 Qc7 20. Bd4 Bb5 21. Qf3 Rc8 22. f5 a5 23. Nc1 Bc5 24. Bxc5 Qxc5 25. Nb3 Qc7 26. Nd4 Bd7 27. fxe6 Bxe6 28. Qe3 Qc4 29.
Rb1 O-O 30. Rxb7 Qxa2 31. Nxe6 fxe6 32. Qg5 Rf7 33. Rxf7 Kxf7 34. Rf1+ Kg8 35. Qxh5 Rf8 36. Rxf8+ Kxf8 37. Qf3+ Ke7 38. Qg4 Kf7 39. Qf4+ Kg8 40. Qg4 Kf7 41. Qh5+ Kf8 42. Qg6 d4 43. cxd4 Qd5 44.
Qd3 Kf7 45. h4 a4 46. Kc1 Qa2 47. Qf3+ Ke7 48. Qb7+ Kf8 49. Qb2 Qc4 50. Qa3+ Kf7 51. Qc5 Qa2 52. Qc3 a3 53. g4 Kg6 54. Qd3+ Kf7 55. Qc3 Kg6 56. Kd2 Qb2 57. Qd3+ Kf7 58. Qf3+ Ke7 59. Qc3 Kf7 60. h5 g5 61. Qc7+ Ke8 62.
Qc6+ Kf7 63. Qd7+ Kf8 64. Qd8+ Kg7 65. Qxg5+ Kf7 66. Qf6+ Ke8 67. Qxe6+ Kd8 68. Qd6+ Kc8 69. h6 a2 70. h7 Qc1+ 71. Kxc1 a1=Q+ 72. Kd2 Qa5+ 73. c3 Qa2+ 74. Ke3 Kb7 75. h8=Q 1-0

[Event "*** Titled Tuesday Blitz"]
[Site "Chess.com"]
[Date "2019.01.01"]
[Round "9"]
[White "Boundless_Strike"]
[Black "DrMelekess"]
[Result "0-1"]
[WhiteElo "2471"]
[BlackElo "2581"]
[TimeControl "180+2"]
[EndTime "15:09:47 PST"]
[Termination "DrMelekess won by checkmate"]

1. d4 Nf6 2. Nf3 e6 3. e3 b6 4. Bd3 Bb7 5. O-O Be7 6. c4 O-O 7. Nc3 d5 8. cxd5 exd5 9. Ne5 a6 10. Bd2 Nbd7 11. f4 c5 12. Qf3 b5 13. a3 Re8 14.
Rad1 b4 15. axb4 cxd4 16. exd4 Bxb4 17. Be1 Bxc3 18. bxc3 Qc7 19. Bh4 Rac8 20. Bf5 Rb8 21. Nxd7 Nxd7 22. Qh3 Nf8 23. Rd3 Bc8 24. Rg3 Bxf5 25.
Qxf5 Ng6 26. Qg4 Re4 27. Bg5 h6 28. Bxh6 gxh6 29. Qh5 Kh7 30. Rh3 Kg8 31. Qxh6 Rxf4 32. Re1 Qd6 33. Rh5 Qf6 34. Qh7+ Kf8 35. Rxd5 Qg7 36.
Qh5 Rc8 37. Qg5 Kg8 38. Rd8+ Rxd8 39. Qxd8+ Kh7 40. Re3 Nh4 41. g3 Nf5 42. Re5 Nxg3 43. Kg2 Nf5+ 44. Kh3 Qg4# 0-1

[Event "*** Titled Tuesday Blitz"]
[Site "Chess.com"]
[Date "2019.01.01"]
[Round "9"]
[White "Fins0905"]
[Black "ehrenfeld"]
[Result "1/2-1/2"]
[WhiteElo "2561"]
[BlackElo "2453"]
[TimeControl "180+2"]
[EndTime "15:09:47 PST"]
[Termination "Game drawn by repetition"]

1. d4 Nf6 2. c4 e6 3. Nf3 Bb4+ 4. Bd2 a5 5. a3 Bxd2+ 6. Qxd2 d6 7. Nc3 O-O 8. e4 Nc6 9. Be2 e5 10. O-O Bg4 11. d5 Ne7 12. b4 c6 13. b5 cxd5 14.
cxd5 Ng6 15. g3 Bh3 16. Rfc1 h6 17. Ne1 Nd7 18. Na4 f5 19. exf5 Bxf5 20. Qe3 Ne7 21. Bf3 Nf6 22. Nc3 Ng4 23. Qe2 Nf6 24. Nc2 Bxc2 25.
Rxc2 Nf5 26. Qd3 Nd4 27. Rb2 Qd7 28. Bg2 Qg4 29. Ne2 Nxe2+ 30. Rxe2 Qh5 31. h3 Rac8 32. Rc2 Rxc2 33. Qxc2 e4 34. Qc7 Qxd5 35. b6 Qd4 36. Rc1 e3 37. fxe3 Qxe3+ 38. Kh2 Kh8 39. Rc3 Qd4 40.
Rf3 Re8 41. Qxb7 Re2 42. Qc8+ Ng8 43. b7 Qb2 44. h4 Rxg2+ 45. Kh3 Rh2+ 46. Kg4 Qd4+ 47.
Rf4 Qd1+ 48. Kf5 Qd5+ 49. Kg6 Qd3+ 50. Kf7 Qd5+ 51. Kg6 Qd3+ 52. Kf7 Qd5+ 53. Kg6 Qd3+ 1/2-1/2

[Event "*** Titled Tuesday Blitz"]
[Site "Chess.com"]
[Date "2019.01.01"]
[Round "9"]
[White "Berardino"]
[Black "FelixBlohberger"]
[Result "1/2-1/2"]
[WhiteElo "2418"]
[BlackElo "2579"]
[TimeControl "180+2"]
[EndTime "15:09:53 PST"]
[Termination "Game drawn by repetition"]

1. e4 d5 2. exd5 Qxd5 3. Nc3 Qe5+ 4. Be2 c6 5. Nf3 Qc7 6. d4 Nf6 7. O-O Bg4 8. Ne5 Bxe2 9. Qxe2 e6 10. Ne4 Nxe4 11.
Qxe4 Nd7 12. Bf4 Bd6 13. Bg3 O-O 14. c4 Rfd8 15. Rfe1 Nxe5 16. dxe5 Bc5 17. Red1 Qb6 18. Qc2 Rd4 19. Rxd4 Bxd4 20. Rd1 Rd8 21. h4 Bc5 22. h5 h6 23. b3 Rxd1+ 24. Qxd1 Bd4 25. Qg4 Qc5 26.
Qe4 a5 27. Kf1 a4 28. Ke2 Ba1 29. f4 Qa3 30. Qc2 Bd4 31. Kf3 axb3 32. axb3 Qa1 33. Qd3 c5 34. Kg4 b6 35. Kf3 Qh1 36. Kg4 Qxg2 37. Qf3 Qc2 38. Kh3 Kh7 39. Qb7 Qf5+ 40. Kh4 f6 41. Qf7 fxe5 42. Qxf5+ exf5 43. fxe5 Kg8 44.
e6 Bf6+ 45. Kh3 Kf8 46. Bd6+ Ke8 47. Bc7 Bd8 48. Be5 Bg5 49. Bc7 Bd8 50. Be5 Bf6 51.
Bd6 Be7 52. Bc7 Bd8 1/2-1/2

[Event "*** Titled Tuesday Blitz"]
[Site "Chess.com"]
[Date "2019.01.01"]
[Round "9"]
[White "Bad4life"]
[Black "MerdeNoms943"]
[Result "0-1"]
[WhiteElo "2349"]
[BlackElo "2257"]
[TimeControl "180+2"]
[EndTime "15:10:00 PST"]
[Termination "MerdeNoms943 won on time"]

1. e4 d6 2. d4 Nf6 3. Nc3 g6 4. f4 Bg7 5. Nf3 c5 6. Bb5+ Bd7 7. e5 Ng4 8. Bxd7+ Qxd7 9. h3 cxd4 10. Qxd4 Nc6 11.
Qe4 Nh6 12. Bd2 Nf5 13. O-O-O Ng3 14. Qc4 Nxh1 15. Rxh1 O-O 16. g4 dxe5 17. f5 Nd4 18. Nh4 Rac8 19. Qf1 b5 20. Kb1 b4 21. Ne4 Nxc2 22.
f6 exf6 23. Qxf6 Bxf6 24. Nxf6+ Kg7 25. Nxd7 Rfd8 26. Rd1 Nd4 27. Nxe5 Rd5 28. Be3 Rcd8 29. Nc4 Nb5 30. Rc1 Nd4 31. Ng2 Ne2 32. Re1 Ng3 33. Bf2 Rd3 34. Nf4 Rf3 35. Bxg3 Rxg3 36. Ne5 Re8 37.
Nfd3 f6 38. Rc1 fxe5 39. Nxb4 Rb8 40. Rc7+ Kh6 41. Nd5 Rg2 42. b3 Rd8 43. Ne3 Re2 44.
Nc2 Rdd2 45. b4 e4 46. b5 e3 47. a4 Rh2 48. a5 Rh1+ 49. Kb2 e2 50. Re7 Rh2 51. Kc3 Rxc2+ 52. Kxc2 e1=Q+ 53. Kb3 Qxe7 0-1

[Event "*** Titled Tuesday Blitz"]
[Site "Chess.com"]
[Date "2019.01.01"]
[Round "9"]
[White "Atanejhad"]
[Black "MasterKroket"]
[Result "0-1"]
[WhiteElo "2246"]
[BlackElo "2451"]
[TimeControl "180+2"]
[EndTime "15:10:04 PST"]
[Termination "MasterKroket won on time"]

1. Nf3 Nf6 2. d4 e6 3. c4 b6 4. g3 Bb7 5. Bg2 Be7 6. O-O O-O 7. d5 exd5 8. Nh4 c6 9. cxd5 Nxd5 10. Nf5 Nc7 11. e4 d5 12. Nc3 Bf6 13. Qg4 g6 14. Nh6+ Kh8 15. Bf4 Bc8 16. Qe2 Nba6 17. Rfd1 Qe7 18.
e5 Bg7 19. Ng4 Be6 20. a3 Rfd8 21. h4 Rac8 22. b4 c5 23. b5 Nb8 24. h5 d4 25. Ne4 Nd5 26. h6 Bf8 27. Ngf6 Nxf4 28. gxf4 Bxh6 29. Ng5 Bxg5 30. fxg5 Nd7 31. f4 Nxf6 32.
gxf6 Qf8 33. Kf2 c4 34. Rh1 d3 35. Qf3 Qc5+ 36. Kg3 d2 37. Bh3 Rd3 38. Bxe6 fxe6 39.
Rh4 Rxf3+ 40. Kxf3 Qd5+ 41. Kg3 Qd3+ 42. Kg4 Qe2+ 43.
Kg5 Qg2+ 44. Kh6 g5 45. fxg5 Qe4 46. Kh5 Qg6+ 47. Kg4 c3 48. Rah1 Rc4+ 49. Kg3 Rxh4 50. Kxh4 c2 51. Rh3 d1=Q 52. Rc3 c1=Q 53. Kg3 Qxc3+ 54.
Kh2 Qdd2+ 0-1

[Event "*** Titled Tuesday Blitz"]
[Site "Chess.com"]
[Date "2019.01.01"]
[Round "9"]
[White "IakovUlivar"]
[Black "SanchezKelvin"]
[Result "1/2-1/2"]
[WhiteElo "2492"]
[BlackElo "2536"]
[TimeControl "180+2"]
[EndTime "15:10:05 PST"]
[Termination "Game drawn - insufficient material"]

1. e4 c5 2. Nc3 g6 3. d4 cxd4 4.
Qxd4 Nf6 5. Nf3 Nc6 6. Qa4 Bg7 7. e5 Ng8 8. Bf4 Qa5 9. Qxa5 Nxa5 10. O-O-O Bh6 11.
Bxh6 Nxh6 12. Nd5 Kd8 13. h3 b6 14. Bb5 Bb7 15. b4 Nc6 16. c3 Rc8 17. Kb2 Nb8 18. Rd3 Bxd5 19. Rxd5 e6 20. Rd3 Ke7 21. Rhd1 Rc7 22.
Ng5 f6 23. exf6+ Kxf6 24. Ne4+ Ke7 25. Nd6 Nf5 26. Ba4 Nxd6 27. Rxd6 Rhc8 28. R1d3 Rxc3 29. Rxd7+ Nxd7 30. Rxc3 Rxc3 31. Kxc3 Nf6 32. Kd4 Kd6 33. Bb3 b5 34. a3 e5+ 35. Ke3 Nd5+ 36. Ke4 Nf4 37.
Bg8 h6 38. Bf7 g5 39. Kf3 Ke7 40. Bb3 Kd6 41. h4 gxh4 42. Bc2 h3 43. gxh3 Nxh3 44. Kg3 Ng5 45. Kg4 Kd5 46. Bd3 a6 47. Bf5 Ne4 48. Bc8 Nxf2+ 49. Kf3 Nd3 50. Bxa6 e4+ 51. Ke3 Ne1 52.
Bxb5 Nc2+ 53. Kf4 Nxa3 54. Bc6+ Kxc6 55. Kxe4 Kd6 56. Kf5 Nc4 57. Kg6 Kc6 58. Kxh6 Kb5 59. Kg5 Kxb4 1/2-1/2

[Event "*** Titled Tuesday Blitz"]
[Site "Chess.com"]
[Date "2019.01.01"]
[Round "9"]
[White "rikyshi"]
[Black "dmosesov"]
[Result "1-0"]
[WhiteElo "2226"]
[BlackElo "2348"]
[TimeControl "180+2"]
[EndTime "15:10:09 PST"]
[Termination "rikyshi won by resignation"]

1. e4 c5 2. Nf3 d6 3. Bb5+ Nd7 4.
O-O a6 5. Bxd7+ Bxd7 6. c3 Nf6 7. Re1 Bc6 8. Qc2 Rc8 9. a4 e6 10. d4 cxd4 11. Nxd4 Be7 12. Nd2 O-O 13. f4 Re8 14.
N2f3 d5 15. e5 Ne4 16. f5 Bc5 17. fxe6 Rxe6 18. b4 Bxd4+ 19. Nxd4 Rxe5 20. Bf4 Rh5 21. Rad1 Qh4 22. Nxc6 bxc6 23. Rxe4 dxe4 24. Qxe4 Rf8 25. Qe3 Rd5 26. Rxd5 cxd5 27. Bg3 Qg4 28. Qd3 h5 29. h3 Qe6 30. b5 axb5 31. axb5 Rc8 32. Qb1 Qb6+ 33.
Bf2 Qb7 34. Bd4 Re8 35. b6 Re6 36. Qf5 Re1+ 37. Kf2 Re6 38. Qxh5 Qa6 39. Kg3 Qa2 40. Qf3 Qb2 41. Qxd5 Rg6+ 42. Kh2 Kh7 43. Qh5+ Kg8 44.
Qf3 Kh7 45. b7 Kg8 46. Be5 Kh7 47. b8=Q Qc2 48. Qh5+ Rh6 49. Qxh6+ Kxh6 50. Qh8+ Qh7 51. Bxg7+ 1-0

[Event "*** Titled Tuesday Blitz"]
[Site "Chess.com"]
[Date "2019.01.01"]
[Round "9"]
[White "Kangoroo3000"]
[Black "Jbd735"]
[Result "0-1"]
[WhiteElo "2626"]
[BlackElo "2480"]
[TimeControl "180+2"]
[EndTime "15:10:18 PST"]
[Termination "Jbd735 won by resignation"]

1. d4 d5 2. c4 c6 3. cxd5 cxd5 4. Bg5 Nc6 5. Nc3 Nf6 6. Bxf6 gxf6 7. e3 e6 8. Bd3 Bd7 9. Nf3 Bd6 10. O-O f5 11. Rc1 h5 12. Kh1 h4 13. h3 Qf6 14. a3 Rg8 15. Rg1 Rg6 16. Ne2 Ke7 17. Nf4 Bxf4 18.
exf4 Nxd4 19. Ne5 Nc6 20. Nxg6+ fxg6 21. Qd2 Rg8 22. Rge1 g5 23. fxg5 Rxg5 24. Bb5 Kd6 25. Qf4+ e5 26. Qe3 f4 27. Qc3 f3 28. Qxf3 Qxf3 29.
gxf3 Bxh3 30. Rg1 Rxg1+ 31. Rxg1 Nd4 32. Bd3 Nxf3 33. Rg7 e4 34. Be2 Nd4 35. Bd1 Bc8 36. Rh7 h3 37. Kh2 a5 38. Rh8 Be6 39. Rf8 b5 40.
Kg3 Ke5 41. Rb8 a4 42. Bh5 Bd7 43. Rb7 Kd6 44. Rb8 Kc7 45. Rf8 Kd6 46. Rg8 Kc5 47. Rd8 Kc6 48. Bf7 Be6 49. Bxe6 Nxe6 50. Re8 Nc5 51. Kxh3 Nd3 52. Rc8+ Kd6 53. Rc2 Ne5 54. Kg3 d4 55. Rc8 d3 56. Rc1 Nc4 57. Kf4 Kd5 58. Rh1 d2 59. Rd1 Kd4 60. Rb1 Kd3 61. f3 e3 0-1

[Event "*** Titled Tuesday Blitz"]
[Site "Chess.com"]
[Date "2019.01.01"]
[Round "9"]
[White "tteshan"]
[Black "Babas"]
[Result "1-0"]
[WhiteElo "2172"]
[BlackElo "2278"]
[TimeControl "180+2"]
[EndTime "15:10:28 PST"]
[Termination "tteshan won by resignation"]

1. d4 Nf6 2. c4 c5 3. d5 e5 4.
Nc3 d6 5. e4 Be7 6. Bd3 Nbd7 7.
Nge2 h5 8. Ng3 g6 9. O-O h4 10. Nge2 Nh5 11. f4 exf4 12. Nxf4 Ne5 13. Nxh5 Rxh5 14.
Be2 Rh7 15. Qe1 Bg5 16. Qf2 a6 17. Bxg5 Qxg5 18. Na4 Bd7 19. Nb6 Rd8 20. Kh1 Ke7 21. Qf4 Qxf4 22. Rxf4 Be8 23. a3 g5 24. Rf5 f6 25.
Raf1 Rh6 26. b4 h3 27. gxh3 Bg6 28. R5f2 Bxe4+ 29. Kg1 Rg8 30. bxc5 dxc5 31. Rd1 Kd6 32. Rdf1 Rgg6 33. Nc8+ Kd7 34. Nb6+ Kc7 35. Na4 g4 36. hxg4 Nxg4 37. Rf4 Nxh2+ 38. Kf2 Nxf1 39. Bxf1 Rh2+ 40. Ke3 Rg3+ 41. Kxe4 Rxa3 42. Nxc5 Rh6 43. Ne6+ Kd6 44. Bd3 Ra1 45. Kd4 Rd1 46. c5+ Ke7 47. Nc7 Rh3 48. d6+ Kd7 49. Rxf6 Rdxd3+ 50. Kc4 Kc6 51. Ne6 Rc3+ 52.
Kd4 Rcd3+ 53. Kc4 Rdf3 54. Nd4+ Kd7 55. Nxf3 Rh1 56. Ne5+ Ke8 57. d7+ Ke7 58. Rf7+ Kd8 59. Rf8+ 1-0

[Event "*** Titled Tuesday Blitz"]
[Site "Chess.com"]
[Date "2019.01.01"]
[Round "9"]
[White "Vamostodorecto"]
[Black "MikePerelshteyn"]
[Result "0-1"]
[WhiteElo "2403"]
[BlackElo "2540"]
[TimeControl "180+2"]
[EndTime "15:10:30 PST"]
[Termination "MikePerelshteyn won on time"]

1. d4 Nf6 2. c4 g6 3. Nc3 Bg7 4. e4 d6 5. Be2 O-O 6. Nf3 c5 7. d5 b5 8. cxb5 a6 9. O-O axb5 10. Bxb5 Ba6 11. Bxa6 Nxa6 12. Bg5 h6 13. Bd2 Nd7 14. Qc1 Kh7 15. Ne2 Nb4 16. a3 Nd3 17. Qc2 Nxb2 18. Bc3 Na4 19. Bxg7 Kxg7 20. Nc3 Ndb6 21. Rad1 Kh7 22.
Nxa4 Nxa4 23. e5 Qa5 24. e6 f5 25. Nh4 Qc3 26. Qe2 Qf6 27. g3 Nc3 28. Qd3 Nxd1 29. Rxd1 Kg7 30. Ng2 Ra4 31. Rb1 Rfa8 32.
Nf4 Rxa3 33. Qb5 Ra1 34. Rxa1 Rxa1+ 35. Kg2 Ra8 36. Qc6 Rf8 37. h4 Qe5 38. Qb7 Kf6 39.
h5 g5 40. Ng6 Qe4+ 41. Kh2 Re8 42. Qd7 Qf3 43. Qxe8 Qxh5+ 44. Kg2 Qxg6 45. Qh8+ Qg7 46. Qc8 Ke5 47. Qc6 f4 48. Qb7 Kf5 49. Qb1+ Kf6 50. g4 Qf8 51. Qb2+ Kg6 52. Qc2+ Kg7 53. Qb2+ Qf6 54. Qb7 c4 55. Qc7 c3 56. Qc6 f3+ 57. Kh3 h5 58. Qe8 hxg4+ 59. Kxg4 Qf4+ 60. Kh3 Kf6 61. Qf7+ Ke5 62. Qxe7 Kxd5 0-1

[Event "*** Titled Tuesday Blitz"]
[Site "Chess.com"]
[Date "2019.01.01"]
[Round "9"]
[White "abubakrtagelsir"]
[Black "Kostya_Nikologorskiy"]
[Result "0-1"]
[WhiteElo "2247"]
[BlackElo "2375"]
[TimeControl "180+2"]
[EndTime "15:10:45 PST"]
[Termination "Kostya_Nikologorskiy won by resignation"]

1. e4 e6 2. d4 d5 3. Nc3 Bb4 4. e5 Ne7 5. a3 Bxc3+ 6. bxc3 b6 7. Qg4 O-O 8. h4 Ba6 9. Bxa6 Nxa6 10.
h5 f5 11. exf6 Rxf6 12. Bg5 Rf5 13. Ne2 Qd7 14. Ng3 Rf7 15. O-O c5 16. Rae1 Nc7 17.
Re5 Nc6 18. Re2 Nb5 19. Rfe1 Nxc3 20. Rxe6 Nxd4 21. Bd2 Nxe6 22. Bxc3 Nf8 23. Qxd7 Nxd7 24. h6 d4 25. Bd2 gxh6 26. Bxh6 Nf6 27. Re6 Re8 28.
Rc6 Re1+ 29. Nf1 Re8 30. f3 Nd5 31. Ng3 Rf6 32. Rxf6 Nxf6 33. Bg5 Nd5 34. Ne4 Kg7 35. Kf2 h6 36. Bd2 Re6 37. g4 c4 38. Ng3 Ne7 39.
Ne4 b5 40. Kg3 Nd5 41. Kf2 Ra6 42. Bc1 b4 43. Nc5 Rxa3 44. Ne6+ Kf6 45. Nxd4 Ra2 46. Kg3 c3 47. Bxh6 a5 48. f4 a4 49. g5+ Kf7 50. f5 b3 51. g6+ Kf6 52. cxb3 axb3 53. Nxb3 Kxf5 54. g7 Nf6 55. Be3 Nh5+ 56. Kf3 Nxg7 57.
Bd4 Ne6 58. Ke3 Ra3 59. Nc1 c2+ 60. Kd2 Nxd4 0-1

[Event "*** Titled Tuesday Blitz"]
[Site "Chess.com"]
[Date "2019.01.01"]
[Round "9"]
[White "OparinGrigoriy"]
[Black "CaptainCasanova"]
[Result "0-1"]
[WhiteElo "2905"]
[BlackElo "2769"]
[TimeControl "180+2"]
[EndTime "15:10:49 PST"]
[Termination "CaptainCasanova won by checkmate"]

1. Nf3 Nf6 2. g3 g6 3. Bg2 Bg7 4. c4 O-O 5. Nc3 d6 6. O-O Nc6 7. d3 e5 8. Rb1 a5 9. a3 Bg4 10. b4 axb4 11. axb4 Qd7 12. b5 Na5 13. Re1 Bh3 14.
Bh1 h6 15. Bd2 Rfe8 16. Qc2 c6 17. Ra1 cxb5 18. Nxb5 Nc6 19. Rxa8 Rxa8 20. Be3 d5 21. cxd5 Nxd5 22. Bc5 Nd8 23. Qb3 Ra5 24. Rb1 Ne6 25.
Be3 Nef4 26. Bxf4 Nxf4 27. Qd1 Rxb5 28. Rxb5 Nxe2+ 29. Qxe2 Qxb5 30. Bg2 Be6 31. h4 b6 32. Nd2 Qc5 33. Ne4 Qd4 34. h5 g5 35. Qc2 Kh7 36. Nd2 f5 37. Qc6 Bf7 38. Qf3 Be6 39. Qc6 Bf7 40. Qf3 Qd7 41. Nc4 g4 42. Qe2 Qe7 43.
Nxb6 Bxh5 44. Nd5 Qd6 45. Ne3 Bg6 46. Nc4 Qd4 47. Ne3 h5 48. Nc4 f4 49. Be4 fxg3 50. Bxg6+ Kxg6 51. Ne3 gxf2+ 52. Qxf2 Qf4 53. Qe2 Bf6 54. Ng2 Qg5 55. Qe4+ Qf5 56. Qa8 Qe6 57. Qe4+ Kh6 58. Ne3 Kg5 59. Kg2 h4 60. Nd5 Qc6 61. Qe3+ Kh5 62. Qe4 Qc2+ 63. Kg1 Qc1+ 64. Kh2 g3+ 65.
Kg2 Qd2+ 66. Kg1 Qf2+ 67. Kh1 Qh2# 0-1

[Event "*** Titled Tuesday Blitz"]
[Site "Chess.com"]
[Date "2019.01.01"]
[Round "9"]
[White "volcanoexplorer"]
[Black "benhal"]
[Result "0-1"]
[WhiteElo "2331"]
[BlackElo "2203"]
[TimeControl "180+2"]
[EndTime "15:10:52 PST"]
[Termination "benhal won by checkmate"]

1. h3 c5 2. g4 Nc6 3. Bg2 d5 4. Nf3 e6 5. d3 Nge7 6. Nbd2 g6 7. e4 Bg7 8. O-O h5 9. g5 b6 10. exd5 exd5 11. Re1 O-O 12. Nf1 Be6 13. Bf4 Qd7 14. Kh2 Bxb2 15. Rb1 Bg7 16. Ng3 Nf5 17. Nxf5 Bxf5 18. Qd2 Rfe8 19. Nh4 Be6 20. c3 Rad8 21.
Re2 d4 22. c4 Ne7 23. Rbe1 Nf5 24. Nf3 Ne7 25. Ne5 Qc8 26. a4 Bxe5 27. Bxe5 Nc6 28.
Bf6 Rd7 29. f4 Rf8 30. Rf2 Bf5 31. Be4 Bxe4 32. Rxe4 Re8 33. f5 Rxe4 34. dxe4 Qc7+ 35. Kg2 Ne5 36. fxg6 fxg6 37. Qf4 Nxc4 38. Qf3 Ne3+ 39. Kh1 Rf7 40. e5 Qd7 41. Kh2 Kh7 42. Qa8 Rg7 43. Bxg7 Qxg7 44. Qe8 Nf5 45. Qe6 d3 46. Rd2 c4 47. Kg1 Qc7 48. Rd1 a6 49. Qd5 b5 50.
axb5 axb5 51. Re1 Qa7+ 52. Kf1 Qe7 53. e6 Qxg5 54. e7 Ng3+ 55. Kf2 Qxd5 56. e8=Q Nf5 57. Qe4 Qxe4 58. Rxe4 c3 59. Ke1 d2+ 60. Kd1 b4 61. Rxb4 Ne3+ 62. Ke2 d1=Q+ 63. Kxe3 c2 64. Rb7+ Kh6 65.
Kf2 c1=Q 66. Re7 Qf1+ 67. Kg3 Qcf4# 0-1

[Event "*** Titled Tuesday Blitz"]
[Site "Chess.com"]
[Date "2019.01.01"]
[Round "9"]
[White "TrimitziosP7"]
[Black "Vuk2000"]
[Result "1-0"]
[WhiteElo "2654"]
[BlackElo "2747"]
[TimeControl "180+2"]
[EndTime "15:10:53 PST"]
[Termination "TrimitziosP7 won by resignation"]

1. Nf3 Nf6 2. c4 e6 3. g3 d5 4. Bg2 Be7 5. O-O O-O 6. d4 dxc4 7. Qc2 a6 8. a4 Bd7 9. Qxc4 Nc6 10. Nc3 Na5 11. Qd3 Nb3 12. Rb1 c5 13. Be3 Rc8 14.
Rfd1 c4 15. Qc2 b5 16. axb5 axb5 17. Ne5 Bd6 18. Ne4 Be7 19. Nxf6+ Bxf6 20. Nxd7 Qxd7 21.
d5 Rfd8 22. Be4 g6 23. dxe6 Qxe6 24. Bf3 Bd4 25. Bf4 Be5 26. Be3 Qf6 27. Bd5 Rd6 28. Bb7 Rcd8 29. Rxd6 Qxd6 30. Bf3 Qf6 31. h4 Nd4 32. Bxd4 Bxd4 33. Kg2 Rb8 34. e3 Be5 35. b3 c3 36. b4 Qd6 37. Qb3 Kg7 38. Bd5 Qc7 39. Rd1 h5 40. Be4 Rd8 41. Ra1 Rd2 42.
Ra2 Qd6 43. Bf3 Rxa2 44. Qxa2 Qxb4 45. Qd5 Bf6 46. Be4 Qe7 47. Bc2 b4 48. Bb3 Qc7 49. Qe4 Qc5 50. Qe8 Qe7 51. Qc6 Be5 52. Qd5 Qc7 53. Qe4 Bf6 54. Bc2 Qb6 55. Bb3 Qc7 56.
Bc2 Kh6 57. Qxb4 Qc6+ 58. Kg1 Kg7 59. Qf4 Qd7 60. Qe4 Qd2 61. Kg2 Qe2 62. Bb3 Kh6 63. Bxf7 Kg7 64. Qxg6+ Kf8 65. Qxf6 Qg4 1-0

[Event "*** Titled Tuesday Blitz"]
[Site "Chess.com"]
[Date "2019.01.01"]
[Round "9"]
[White "BlackBoarder"]
[Black "Kirill_Klukin"]
[Result "1/2-1/2"]
[WhiteElo "2577"]
[BlackElo "2606"]
[TimeControl "180+2"]
[EndTime "15:10:58 PST"]
[Termination "Game drawn - insufficient material"]

1. e4 c5 2. Nf3 Nc6 3. Bb5 d6 4. O-O Bd7 5. Re1 Nf6 6. c3 a6 7. Bf1 Bg4 8. h3 Bxf3 9. Qxf3 g6 10. d3 Bg7 11. Be3 Nd7 12. Nd2 O-O 13. Qd1 b5 14. Nf3 b4 15. d4 bxc3 16. bxc3 Qa5 17. Rc1 Rfc8 18. Bc4 Nb6 19. Bb3 c4 20. Bc2 Qxc3 21. d5 Nb4 22. Bxb6 Nxa2 23. Rb1 Qa3 24. Bd4 Nc3 25. Bxc3 Qxc3 26. Qd2 Qa3 27. Nd4 Rc7 28. Nc6 e6 29. Re3 Qc5 30. Qb4 Bd4 31. Qxc5 Bxc5 32.
Rc3 exd5 33. exd5 Re8 34. Kf1 a5 35. Rxc4 Ra8 36. Ra1 Rb7 37. Rxa5 Re8 38. Ra1 Kg7 39. Re1 Ra8 40. Rce4 Rb2 41. R4e2 Raa2 42. Bd3 Rd2 43. Bc4 Rac2 44. Rxd2 Rxd2 45. Be2 Rxd5 46. g3 Rf5 47. f4 h5 48. Bd3 Rf6 49. Be4 h4 50. Kg2 hxg3 51.
Kxg3 g5 52. f5 Rh6 53. Re2 Rh4 54. Nd8 Kf6 55. Nb7 Bd4 56. Na5 Be5+ 57. Kg2 g4 58. hxg4 Rxg4+ 59. Kf3 Rf4+ 60. Ke3 d5 61. Bxd5 Rxf5 62.
Nc4 Bb8 63. Ke4 Rg5 64. Kd3 Kg7 65. Rf2 Rg3+ 66. Ke4 f6 67. Ne3 Rxe3+ 68. Kxe3 Ba7+ 69. Kf3 Bxf2 70. Kxf2 Kg6 71. Kf3 Kg5 72. Ke4 f5+ 73.
Kf3 f4 74. Be4 Kf6 75. Kxf4 1/2-1/2